[Event "CZE-ch Open 2018"]
[Site "Ostrava"]
[Date "2018.05.03"]
[Round "6"]
[White "Malinovsky, Petr"]
[Black "Kolar, Stanislav"]
[Result "1-0"]
[ECO "E47"]
[WhiteElo "2006"]
[BlackElo "2091"]
[Annotator "NA"]
[PlyCount "47"]
[EventDate "2018.??.??"]
[EventCountry "CZE"]
[SourceTitle "playchess.com"]
[Source "ChessBase"]
[SourceQuality "1"]
[TimeControl "40/5400+30:900+30"]

1. d4 Nf6 2. c4 e6 3. Nc3 Bb4 4. e3 O-O 5. Bd3 c5 6. Nge2 Nc6 7. O-O d5 8. a3 Bxc3 9. bxc3 b6 10. cxd5 exd5 11. f3 Re8 12. Ng3 a6 13. Re1 Ra7 14. Ra2 Rae7 15. Rae2 h5 16. Kh1 g6 17. e4 dxe4 18. Nxe4 Nxe4 19. Bxe4 Qd7 20. Bg5 f6 21. Bxf6 Re6 22. Bxg6 Rxe2 23. Rxe2 Rf8 24. Qb3+ 1-0

[Event "CZE-ch Open 2018"]
[Site "Ostrava"]
[Date "2018.05.04"]
[Round "7"]
[White "Svoboda, Svatopluk"]
[Black "Zwardon, Vojtech"]
[Result "1-0"]
[ECO "B36"]
[WhiteElo "2401"]
[BlackElo "2409"]
[Annotator "ChessBase"]
[PlyCount "91"]
[EventDate "2018.??.??"]
[EventCountry "CZE"]
[SourceTitle "playchess.com"]
[Source "ChessBase"]
[SourceQuality "1"]
[TimeControl "40/5400+30:900+30"]

1. e4 c5 2. Nf3 Nc6 3. d4 cxd4 4. Nxd4 g6 5. c4 Nf6 6. Nc3 Nxd4 7. Qxd4 d6 8. f3 Bg7 9. Be3 Be6 10. Rc1 Qa5 11. Be2 O-O 12. Qd2 Rfc8 13. b3 a6 14. Na4 Qxd2+ 15. Kxd2 Nd7 16. g4 f5 17. gxf5 gxf5 18. Rhg1 Kh8 19. Bd3 Rf8 20. Rxg7 Kxg7 21. Rg1+ Kf6 22. Bd4+ Ne5 23. f4 Rg8 24. Rg3 Rad8 25. Ke2 fxe4 26. Bxe4 Rxg3 27. hxg3 b5 28. Nb6 bxc4 29. bxc4 Bf5 30. Bb7 Bd3+ 31. Kf2 Ke6 32. fxe5 dxe5 33. Be3 Rf8+ 34. Ke1 Rf1+ 35. Kd2 e4 36. c5 Rb1 37. Bd4 Rh1 38. g4 Rh2+ 39. Ke3 Re2+ 40. Kf4 Kf7 41. c6 Rc2 42. Be5 Rf2+ 43. Ke3 Rf3+ 44. Kd4 Be2 45. c7 Rd3+ 46. Kxe4 1-0

[Event "CZE-ch Open 2018"]
[Site "Ostrava"]
[Date "2018.05.04"]
[Round "7"]
[White "Hausner, Ivan"]
[Black "Miesbauer, Jan"]
[Result "1/2-1/2"]
[ECO "A40"]
[WhiteElo "2334"]
[BlackElo "2261"]
[Annotator "NA"]
[PlyCount "105"]
[EventDate "2018.??.??"]
[EventCountry "CZE"]
[SourceTitle "playchess.com"]
[Source "ChessBase"]
[SourceQuality "1"]
[TimeControl "40/5400+30:900+30"]

1. d4 e6 2. g3 c5 3. Nf3 b6 4. e4 {[%emt 0:00:24] A43: Schmid Benoni} (4. Bg2 Bb7 5. O-O Nf6 6. c4 cxd4 7. Qxd4 Be7 8. Nc3 d6 9. Bg5 O-O 10. Rfd1 h6 11. Bxf6 Bxf6 12. Qf4 Qe7 13. Qxd6 Qxd6 14. Rxd6 Na6 15. Rc1 Rfd8 16. Rcd1 Rxd6 17. Rxd6 {½-½ (61) Gustafsson,J (2634)-Shabalov,A (2577) New York 2011}) 4... cxd4 5. Nxd4 Bb7 6. Bg2 Nf6 7. Nc3 Bb4 8. Bg5 h6 9. Bxf6 $146 ({Predecessor:} 9. Bf4 Bxe4 10. Bxe4 Nxe4 11. Qd3 Nxc3 12. bxc3 Bc5 13. O-O Nc6 14. Bd6 Bxd6 {0-1 (14) Hulse,D (1173)-Garcia,A (1046) IECC email 2004}) 9... Qxf6 10. O-O Nc6 11. Ndb5 Qe5 12. f4 Qc5+ 13. Kh1 O-O 14. a3 Bxc3 15. Nxc3 d6 16. Qd3 Rfd8 17. b4 Qd4 18. Rfd1 Qxd3 19. Rxd3 e5 20. Nd5 Kf8 21. Rad1 Rac8 22. Bh3 Rb8 23. Bg2 Ba6 24. R3d2 Bb7 25. Ne3 Nd4 26. c3 Nb5 27. Rd3 Rbc8 28. Rc1 g6 29. a4 Nd4 30. Re1 Ne6 31. Nd5 exf4 32. Nxf4 Nxf4 33. gxf4 a5 34. Kg1 axb4 35. cxb4 Rc4 36. e5 Bxg2 37. Kxg2 d5 38. e6 Re8 39. Rxd5 Rxe6 40. Rxe6 fxe6 41. Rb5 Rc6 (41... Rc2+ $11 {remains equal.} 42. Kf3 Rc6) 42. Kf3 Ke7 43. h4 Kd6 44. a5 bxa5 45. bxa5 Rc3+ 46. Kg4 Ra3 47. h5 Ke7 48. hxg6 Kf6 49. Re5 Ra1 $14 50. Kf3 Ra4 51. Ke3 Ra3+ 52. Kd2 Ra4 53. Rd5 {Ke5} 1/2-1/2

[Event "CZE-ch Open 2018"]
[Site "Ostrava"]
[Date "2018.05.04"]
[Round "7"]
[White "Michenka, Jozef"]
[Black "Simek, Petr"]
[Result "1/2-1/2"]
[ECO "B06"]
[WhiteElo "2328"]
[BlackElo "2378"]
[Annotator "NA"]
[PlyCount "29"]
[EventDate "2018.??.??"]
[EventCountry "CZE"]
[SourceTitle "playchess.com"]
[Source "ChessBase"]
[SourceQuality "1"]
[TimeControl "40/5400+30:900+30"]

1. d4 g6 2. e4 Bg7 3. c4 c5 4. d5 d6 5. h3 e6 6. Nc3 Ne7 7. Bd3 O-O 8. Nf3 a6 9. O-O {[%emt 0:01:07] LiveBook: 11 Games} Nd7 10. a4 h6 11. Bd2 Qc7 12. Re1 e5 13. Nh4 f5 14. exf5 gxf5 15. f4 $14 (15. Qc2 $16) 1/2-1/2

[Event "CZE-ch Open 2018"]
[Site "Ostrava"]
[Date "2018.05.04"]
[Round "7"]
[White "Nedela, Vlastimil"]
[Black "Svatos, Jan"]
[Result "1-0"]
[ECO "A06"]
[WhiteElo "2307"]
[BlackElo "2272"]
[Annotator "NA"]
[PlyCount "67"]
[EventDate "2018.??.??"]
[EventCountry "CZE"]
[SourceTitle "playchess.com"]
[Source "ChessBase"]
[SourceQuality "1"]
[TimeControl "40/5400+30:900+30"]

1. Nf3 d5 2. g3 Nf6 3. Bg2 e6 4. O-O Be7 5. d3 O-O 6. Nbd2 b6 7. e4 dxe4 8. dxe4 Bb7 9. e5 Nfd7 10. b3 Qc8 11. Qe2 a5 12. Ne4 h6 13. h4 Nc5 14. Nxc5 Bxc5 15. Qc4 Nd7 16. Re1 Rd8 17. Qg4 Kh8 {[%emt 0:04:48] [#]} (17... Kf8 $14) 18. Qh5 $1 Kg8 $16 19. Bxh6 gxh6 20. Qxh6 Be7 21. Ng5 Bxg5 22. Qxg5+ Kf8 23. h5 Ke8 24. h6 Nf8 25. Be4 Bxe4 26. Rxe4 Ng6 27. Qf6 Qb7 28. Rg4 Rd5 29. Rxg6 fxg6 30. Qxe6+ Kf8 31. Qf6+ Ke8 32. h7 Kd7 33. e6+ Kc6 34. e7+ 1-0

[Event "CZE-ch Open 2018"]
[Site "Ostrava"]
[Date "2018.05.04"]
[Round "7"]
[White "Tuma, Jiri"]
[Black "Bures, Jaroslav"]
[Result "0-1"]
[ECO "B20"]
[WhiteElo "2296"]
[BlackElo "2407"]
[Annotator "NA"]
[PlyCount "78"]
[EventDate "2018.??.??"]
[EventCountry "CZE"]
[SourceTitle "playchess.com"]
[Source "ChessBase"]
[SourceQuality "1"]
[TimeControl "40/5400+30:900+30"]

1. e4 c5 2. b4 cxb4 3. a3 e5 4. Nf3 {[%emt 0:02:40] B20: Sicilian: Unusual White 2nd moves} Nc6 5. Bc4 (5. axb4 Bxb4 6. c3 Be7 7. d4 d6 8. Bb5 Bd7 9. Ba3 Nf6 10. O-O {0-1 (22) Perunovic,M (2696)-Bogosavljevic,B (2504) Belgrade 2014}) 5... Nf6 6. Ng5 d5 7. exd5 b5 8. Ba2 Nd4 9. c3 b3 10. Bxb3 Nxb3 11. Qxb3 Qxd5 12. Qxd5 Nxd5 13. O-O $146 f6 14. Nf3 Bd7 15. a4 bxa4 16. Ba3 Rc8 17. Bxf8 Rxf8 18. Ra3 Rf7 19. Re1 Re7 20. Ra2 Bb5 21. Na3 Bd3 22. Rea1 Nb6 23. Rb2 Rd7 24. Rb4 Be2 25. Nb1 Rc4 $19 26. Rb2 Bxf3 27. gxf3 Rf4 28. c4 Nxc4 29. Rb8+ Ke7 30. Rxa4 Nxd2 31. Rxf4 exf4 32. Nxd2 Rxd2 33. Rb7+ Rd7 34. Rb4 g5 35. h4 a5 36. Rb5 Ra7 37. hxg5 a4 38. gxf6+ Kxf6 39. Rb6+ Ke5 0-1

[Event "CZE-ch Open 2018"]
[Site "Ostrava"]
[Date "2018.05.04"]
[Round "7"]
[White "Vybiral, Zdenek"]
[Black "Malinovsky, Petr"]
[Result "1-0"]
[ECO "B38"]
[WhiteElo "2261"]
[BlackElo "2006"]
[Annotator "NA"]
[PlyCount "85"]
[EventDate "2018.??.??"]
[EventCountry "CZE"]
[SourceTitle "playchess.com"]
[Source "ChessBase"]
[SourceQuality "1"]
[TimeControl "40/5400+30:900+30"]

1. e4 c5 2. Nf3 g6 3. d4 cxd4 4. Nxd4 Nc6 5. c4 Bg7 6. Be3 Nf6 7. Nc3 O-O 8. Be2 d6 9. O-O Bd7 10. Nc2 h6 {[%emt 0:03:49] B38: Sicilian: Maroczy Bind with 5...Bg7 and 7...0-0} (10... Qa5 11. f3 Rfc8 12. Rc1 Ne5 13. b4 Qd8 14. Na3 a5 15. b5 a4 16. Nd5 Nxd5 17. cxd5 Rxc1 18. Qxc1 Qa5 {0-1 (50) Leko,P (2693)-Adhiban,B (2666) Doha 2016}) 11. Qd2 Kh7 $146 ({Predecessor:} 11... Rc8 12. Bxh6 Ne5 13. Bxg7 Kxg7 14. Ne3 b5 15. Ned5 Nxd5 16. cxd5 Qb6 17. Rac1 {0-1 (34) Boehm,T (2113)-Kubecka,D (2252) Prague 2005}) 12. f3 Ne8 13. Rab1 f5 14. exf5 Bxf5 15. Bd3 Bxd3 16. Qxd3 Ne5 17. Qe2 Qc8 18. Na3 Qf5 19. Rbd1 Nf6 20. Nab5 a6 21. Nd4 Qc8 22. b3 Nc6 23. Rfe1 Nxd4 24. Bxd4 e5 25. Bf2 Qe6 26. Qd3 Rad8 27. Nd5 Nxd5 28. Qxd5 Qxd5 29. Rxd5 Rf7 30. Red1 e4 31. fxe4 Rdf8 32. Bg3 Re8 {[%emt 0:03:36] [#]} 33. Re1 $18 ({Don't take} 33. Bxd6 Rxe4 34. Bc5 Re2 $16) 33... Bc3 34. Re2 Be5 35. Bxe5 dxe5 36. Rf2 Kg7 37. Rxf7+ Kxf7 38. Rd7+ Re7 39. Rxe7+ Kxe7 40. Kf2 Kd6 41. b4 h5 42. g4 Ke6 43. gxh5 1-0

[Event "CZE-ch Open 2018"]
[Site "Ostrava"]
[Date "2018.05.04"]
[Round "7"]
[White "Toman, Jaroslav"]
[Black "Bures, Martin"]
[Result "1-0"]
[ECO "B38"]
[WhiteElo "2233"]
[BlackElo "2100"]
[Annotator "NA"]
[PlyCount "83"]
[EventDate "2018.??.??"]
[EventCountry "CZE"]
[SourceTitle "playchess.com"]
[Source "ChessBase"]
[SourceQuality "1"]
[TimeControl "40/5400+30:900+30"]

1. e4 c5 2. Nf3 Nc6 3. d4 cxd4 4. Nxd4 g6 5. c4 Bg7 6. Be3 Qb6 7. Nb3 {[%emt 0:21:16] B38: Sicilian: Maroczy Bind with 5...Bg7 and 7...0-0} Qb4+ (7... Qd8 8. Qd2 Nf6 9. Nc3 O-O 10. Be2 d6 11. O-O a5 12. Nd4 a4 13. Ndb5 Qa5 14. f3 Be6 {½-½ (22) Bacrot,E (2715)-Iturrizaga Bonelli,E (2662) Linares 2017}) 8. Bd2 Qd6 9. Nc3 Nf6 10. Be2 O-O 11. O-O Qb8 12. f4 $146 ({Predecessor:} 12. f3 b6 13. Be3 Ne8 14. Qc2 Nd6 {0-1 (30) Kovarik,M (1885)-Kislinsky,A (2489) Kouty nad Desnou 2015}) 12... d6 13. Bf3 Be6 14. Nd5 b5 15. Rc1 bxc4 16. Rxc4 Bd7 {[%emt 0:00:19] [#]} 17. Rxc6 $1 Bxc6 (17... Nxd5 {was worth a try.} 18. exd5 a5) 18. Nxe7+ Kh8 19. Nxc6 Qb6+ 20. Ncd4 Nxe4 21. Ba5 (21. Bxe4 $142 Bxd4+ 22. Kh1 Bxb2 23. Bxa8 Rxa8 24. f5) 21... Qb7 22. Bxe4 Qxe4 23. Bc3 Rac8 24. f5 Be5 25. Qf3 Qxf3 26. Rxf3 Kg8 27. Na5 Rfe8 $18 28. f6 Bxd4+ 29. Bxd4 Rc2 30. h3 Ree2 31. Rg3 h5 32. Nb3 a5 33. Bc3 a4 34. Nd4 Rc1+ 35. Kh2 Rf2 36. a3 Rff1 37. Rf3 Rh1+ 38. Kg3 Kh7 39. Ne6 Rhf1 40. Ng5+ Kg8 41. Re3 Kf8 42. Re7 1-0

[Event "CZE-ch Open 2018"]
[Site "Ostrava"]
[Date "2018.05.04"]
[Round "7"]
[White "Skalsky, Alexandr"]
[Black "Kopriva, Martin"]
[Result "1-0"]
[ECO "B06"]
[WhiteElo "2207"]
[BlackElo "2071"]
[Annotator "NA"]
[PlyCount "76"]
[EventDate "2018.??.??"]
[EventCountry "CZE"]
[SourceTitle "playchess.com"]
[Source "ChessBase"]
[SourceQuality "1"]
[TimeControl "40/5400+30:900+30"]

1. e4 g6 2. d4 Bg7 3. Nc3 d6 4. Be3 c6 5. h3 Qc7 6. Nge2 b5 7. a3 a6 8. g4 Nd7 9. Bg2 Bb7 10. Ng3 e5 11. O-O Ne7 12. Kh1 O-O-O 13. f4 h5 14. g5 f6 15. fxe5 dxe5 16. d5 cxd5 17. exd5 Nb6 18. gxf6 Bxf6 19. Rxf6 Nbxd5 20. Qf3 Nxf6 21. Qxf6 Nf5 22. Nxf5 gxf5 23. Qxf5+ Kb8 24. Bxb7 Qxb7+ 25. Qe4 Rhf8 26. Qxb7+ Kxb7 27. Re1 Rf3 $18 28. Kg2 Rf5 29. h4 Rg8+ 30. Bg5 Kc6 31. Ne4 Kd5 32. Ng3 Rf4 33. Nxh5 Rxh4 34. Nf6+ Ke6 35. Nxg8 Rg4+ 36. Kf3 Rxg5 37. Nh6 e4+ 38. Rxe4+ Kd5 1-0

[Event "CZE-ch Open 2018"]
[Site "Ostrava"]
[Date "2018.05.04"]
[Round "7"]
[White "Stepan, Patrik"]
[Black "Mrazek, Lumir"]
[Result "1-0"]
[ECO "D89"]
[WhiteElo "2207"]
[BlackElo "2327"]
[Annotator "ChessBase"]
[PlyCount "101"]
[EventDate "2018.??.??"]
[EventCountry "CZE"]
[SourceTitle "playchess.com"]
[Source "ChessBase"]
[SourceQuality "1"]
[TimeControl "40/5400+30:900+30"]

1. d4 Nf6 2. c4 g6 3. Nc3 d5 4. cxd5 Nxd5 5. e4 Nxc3 6. bxc3 Bg7 7. Bc4 c5 8. Ne2 Nc6 9. Be3 O-O 10. O-O Bg4 11. f3 Na5 12. Bd3 cxd4 13. cxd4 Be6 14. Rc1 Bxa2 15. Qa4 Be6 16. d5 Bd7 17. Qb4 e6 18. Nc3 b6 19. Ba6 Bc8 20. Bxc8 Rxc8 21. Nb5 Rxc1 22. Rxc1 exd5 23. Nxa7 d4 24. Bf4 Qf6 25. Bd6 Bh6 26. Rd1 Re8 27. Kh1 Be3 28. Nb5 Rc8 29. Nc7 Nb7 30. Bg3 Qc6 31. Nd5 Qc5 32. Qb1 b5 33. Be5 Kf8 34. Bf6 Re8 35. Nxe3 dxe3 36. Bd4 Qc4 37. Bxe3 Rd8 38. Bh6+ Ke8 39. Rc1 Qe2 40. Qa1 Nc5 41. Qh8+ Kd7 42. Qd4+ Ke8 43. Qxc5 Rd1+ 44. Rxd1 Qxd1+ 45. Qg1 Qd3 46. Qc1 b4 47. Qc8+ Ke7 48. Bf8+ Kf6 49. Qc6+ Ke5 50. Qc5+ Ke6 51. Qe7# {[%emt 0:00:00] Kd5} 1-0

[Event "CZE-ch Open 2018"]
[Site "Ostrava"]
[Date "2018.05.04"]
[Round "7"]
[White "Vystrcil, Martin"]
[Black "Rubes, Jan"]
[Result "0-1"]
[ECO "B33"]
[WhiteElo "2146"]
[BlackElo "2337"]
[Annotator "NA"]
[PlyCount "68"]
[EventDate "2018.??.??"]
[EventCountry "CZE"]
[SourceTitle "playchess.com"]
[Source "ChessBase"]
[SourceQuality "1"]
[TimeControl "40/5400+30:900+30"]

1. e4 c5 2. Nf3 Nc6 3. d4 cxd4 4. Nxd4 Nf6 5. Nc3 e5 6. Ndb5 d6 7. Bg5 a6 8. Na3 Be6 9. Nc4 Rc8 10. Nd5 Bxd5 11. exd5 Ne7 12. Bxf6 {[%emt 0:08:58] B33: Sicilian: Pelikan and Sveshnikov Variations} gxf6 13. Qd2 b5 (13... f5 14. Qb4 Nxd5 15. Qxb7 Nf6 16. O-O-O Ne4 17. Nxe5 Bh6+ 18. Kb1 Rc7 19. Qb6 O-O 20. Nf3 Bg7 21. Bxa6 Rxc2 22. Qxd8 Rxb2+ 23. Kc1 Rxd8 24. Rhe1 Rxa2 {0-1 (24) Baskin,R (2375)-Bellahcene,B (2498) Biel 2016}) 14. Na5 $146 ({Predecessor:} 14. Ne3 Bh6 15. a4 Rc5 16. axb5 axb5 17. Qa5 O-O 18. b4 Rc3 19. Qxb5 Qc7 {0-1 (32) Vazquez,J-Rojo Huerta,G (2380) Madrid 1995}) 14... h5 15. Rd1 Qb6 16. c4 Bh6 17. Qb4 Rg8 18. g3 Rg4 19. Be2 Re4 20. Kf1 h4 21. Bd3 $2 ({White should play} 21. c5 $11 Rxb4 22. cxb6) 21... Nxd5 22. Qa3 {[%emt 0:03:35] [#]} Ne3+ $1 23. fxe3 Rxe3 24. c5 $2 (24. Kg2 {was forced.} Rxc4 25. Rhf1 (25. Nxc4 $2 Qc6+ 26. Kh3 bxc4 $19)) 24... dxc5 $19 25. Re1 Rxe1+ 26. Kxe1 c4 27. Be2 Bf8 28. Qc3 b4 29. Qf3 Qxa5 30. Qb7 Rc7 31. Qb8+ Ke7 32. Bg4 c3 33. Kf2 c2 34. Rc1 Bh6 0-1

[Event "CZE-ch Open 2018"]
[Site "Ostrava"]
[Date "2018.05.04"]
[Round "7"]
[White "Jelinek, Michal"]
[Black "Malik, Jan"]
[Result "0-1"]
[ECO "D45"]
[WhiteElo "2134"]
[BlackElo "2284"]
[Annotator "NA"]
[PlyCount "78"]
[EventDate "2018.??.??"]
[EventCountry "CZE"]
[SourceTitle "playchess.com"]
[Source "ChessBase"]
[SourceQuality "1"]
[TimeControl "40/5400+30:900+30"]

1. d4 d5 2. c4 c6 3. Nf3 Nf6 4. Nc3 e6 5. e3 Nbd7 6. Qc2 Bd6 7. Bd3 dxc4 8. Bxc4 b5 9. Be2 {[%emt 0:00:42] D46: Semi-Slav: 5 e3 Nbd7 6 Bd3, Black avoids the Meran} Bb7 (9... O-O 10. O-O a6 11. Rd1 Qc7 12. e4 e5 13. h3 Re8 14. a3 exd4 15. Nxd4 Bh2+ 16. Kh1 Be5 17. Bf3 c5 18. Nf5 Nb6 19. Bg5 Bxf5 20. exf5 {½-½ (40) Navara,D (2751)-So,W (2778) Prague 2015}) 10. O-O a6 {[%emt 0:00:25] LiveBook: 11 Games} 11. Rd1 Qe7 12. e4 e5 13. dxe5 Nxe5 14. Nd4 Neg4 $146 ({Predecessor:} 14... g6 15. f4 Neg4 16. e5 Bxe5 17. fxe5 Qxe5 18. Bxg4 Nxg4 19. Qe4 c5 20. Qxg4 {1-0 (20) Kezin,R (2455)-Utnasunov,A (2446) Sochi 2017}) 15. h3 h5 16. Nf5 Bh2+ 17. Kf1 Qc5 18. hxg4 hxg4 19. Be3 Qe5 20. Nd6+ Kf8 21. Nxb7 Bf4 22. Bd3 Bxe3 23. fxe3 g3 24. Ne2 Nd5 (24... Ng4 $142 25. Ke1 (25. Qxc6 Rh1+ 26. Ng1 Nxe3+ 27. Ke2 Qxb2+ 28. Rd2 Qxa1 $17) 25... Nxe3 26. Qc5+ Qxc5 27. Nxc5 Nxd1) 25. Qc5+ Kg8 26. Qd4 Rh1+ 27. Ng1 Qh5 28. Bc2 Nf6 29. e5 Qh2 30. e4 Ng4 31. e6 $11 (31. Re1 $18) 31... fxe6 32. Nd8 Nf2 33. Nxe6 Rxg1+ 34. Ke2 Qh5+ 35. Kd2 Qh6+ 36. Ke2 Rxg2 37. Kf3 Nxd1 38. Bxd1 Rf2+ 39. Kxg3 Qh2+ 0-1

[Event "CZE-ch Open 2018"]
[Site "Ostrava"]
[Date "2018.05.04"]
[Round "7"]
[White "Havelka, Ondrej"]
[Black "Freisler, Pavel"]
[Result "1-0"]
[ECO "E46"]
[WhiteElo "2041"]
[BlackElo "2266"]
[Annotator "NA"]
[PlyCount "77"]
[EventDate "2018.??.??"]
[EventCountry "CZE"]
[SourceTitle "playchess.com"]
[Source "ChessBase"]
[SourceQuality "1"]
[TimeControl "40/5400+30:900+30"]

1. d4 Nf6 2. c4 e6 3. Nc3 Bb4 4. e3 O-O 5. Nge2 d5 6. a3 Bd6 7. Ng3 c6 {[%emt 0:00:31] E46: Nimzo-Indian: Rubinstein: 4 e3 0-0 5 Ne2 without early Bd3} 8. c5 Bc7 9. f4 b6 10. b4 a5 11. Bd2 Ba6 12. Bxa6 Nxa6 $146 ({Predecessor:} 12... Rxa6 13. O-O axb4 14. axb4 Rxa1 15. Qxa1 bxc5 16. bxc5 {½-½ (22) Golod,V (2579)-Gyimesi,Z (2646) Germany 2011}) 13. Na4 Nd7 14. O-O Qe7 15. Qc2 b5 16. Nb2 f6 17. e4 Rae8 18. Rae1 Qd8 19. f5 (19. e5 $16) 19... Bxg3 20. hxg3 axb4 21. axb4 (21. exd5 $1 $14 exd5 22. axb4) 21... Nc7 22. fxe6 Rxe6 23. exd5 Rxe1 24. Rxe1 Nxd5 25. Qf5 Re8 26. Re6 $17 (26. Rxe8+ $15 Qxe8 27. Qf3) 26... g6 27. Qe4 Kf7 28. Rxe8 Qxe8 29. Qf3 Qe6 30. Nd3 g5 31. Bxg5 Kg7 32. Bd2 Nf8 33. Nf4 Nxf4 34. Bxf4 Ng6 35. Bd6 Qe1+ 36. Kh2 Qxb4 37. Qxc6 Qxd4 38. Qd7+ Kh6 39. Bf8+ 1-0

[Event "CZE-ch Open 2018"]
[Site "Ostrava"]
[Date "2018.05.04"]
[Round "7"]
[White "Benes, Miroslav"]
[Black "Bartos, Jan"]
[Result "1-0"]
[ECO "C42"]
[WhiteElo "2004"]
[BlackElo "2198"]
[Annotator "NA"]
[PlyCount "101"]
[EventDate "2018.??.??"]
[EventCountry "CZE"]
[SourceTitle "playchess.com"]
[Source "ChessBase"]
[SourceQuality "1"]
[TimeControl "40/5400+30:900+30"]

1. e4 e5 2. Nf3 Nf6 3. Nxe5 d6 4. Nf3 Nxe4 5. Nc3 Nxc3 6. dxc3 Be7 7. Be3 Nc6 8. Qd2 Be6 9. Be2 {[%emt 0:00:19] C42: Petroff Defence: 3 Nxe5 and unusual White 3rd moves} (9. O-O-O a6 10. b3 h6 11. Be2 Qd7 12. Kb1 Bf6 13. Nd4 Nxd4 14. Bxd4 Bxd4 15. Qxd4 O-O 16. c4 Rfe8 17. Bf3 Rab8 {1-0 (41) Anand,V (2776)-Mamedyarov,S (2809) Moscow 2018}) 9... Qd7 10. Nd4 Nxd4 11. Bxd4 O-O 12. O-O $146 ({Predecessor:} 12. c4 c5 13. Bc3 d5 14. cxd5 Qxd5 15. Bf3 Qxd2+ 16. Bxd2 Rad8 {½-½ (34) Cherenkova,K (2270)-Turova,I (2379) St Petersburg 2009}) 12... Rfe8 13. c4 c5 14. Bc3 d5 15. cxd5 Qxd5 16. Qxd5 Bxd5 17. Rad1 Be4 18. Bb5 Bc6 19. Bxc6 bxc6 20. Rd7 Bf6 21. Bxf6 gxf6 22. Rfd1 Re2 23. R7d2 Rae8 24. Kf1 R2e6 25. Rd8 Kf8 26. Rxe8+ Kxe8 27. Rd3 Re7 28. Rh3 Rb7 29. b3 Rb6 30. Rxh7 Ra6 31. a4 c4 32. Rh8+ Ke7 33. Rb8 cxb3 34. cxb3 c5 35. Rc8 Kd6 36. h4 Rb6 $18 37. h5 Rxb3 38. g3 Rb1+ 39. Kg2 Kd7 40. Rxc5 Rb8 41. Ra5 Ra8 42. Kf3 Ke6 43. Ke4 a6 44. g4 Ke7 45. h6 Rh8 46. Rh5 Ke6 47. h7 a5 48. f4 f5+ 49. gxf5+ Kf6 50. Kd5 Kg7 51. Kc6 1-0

[Event "CZE-ch Open 2018"]
[Site "Ostrava"]
[Date "2018.05.05"]
[Round "8"]
[White "Jasny, Stanislav"]
[Black "Zwardon, Vojtech"]
[Result "1/2-1/2"]
[ECO "A46"]
[WhiteElo "2379"]
[BlackElo "2409"]
[Annotator "NA"]
[PlyCount "98"]
[EventDate "2018.??.??"]
[EventCountry "CZE"]
[SourceTitle "playchess.com"]
[Source "ChessBase"]
[SourceQuality "1"]
[TimeControl "40/5400+30:900+30"]

1. d4 Nf6 2. Nf3 e6 3. e3 b6 4. Bd3 Bb7 5. O-O Be7 6. c4 O-O 7. Nc3 d5 8. Qe2 Nbd7 9. Rd1 Ne4 10. cxd5 exd5 11. Ba6 Bxa6 12. Qxa6 Ndf6 13. Bd2 Bd6 14. Be1 Qc8 15. Qxc8 Rfxc8 16. Rac1 Nxc3 17. Rxc3 Kf8 18. Rc6 a5 19. Ne5 Ke7 20. f3 Nd7 21. Bg3 Nb8 22. Rc2 f6 23. Nc6+ Nxc6 24. Rxc6 Kd7 25. Rdc1 Bxg3 26. hxg3 a4 27. e4 dxe4 28. fxe4 Ra5 29. d5 Rb5 30. R1c2 Rb4 31. Kf2 Rxe4 32. d6 Rd4 33. Rxc7+ Rxc7 34. dxc7 Kc8 35. Ke3 Rg4 36. Kf3 Rb4 37. Ke3 h5 38. a3 Rb3+ 39. Kf4 b5 40. g4 hxg4 41. Kxg4 g6 42. Kf4 b4 43. axb4 Rxb4+ 44. Kg3 f5 45. Kh2 g5 46. Rc5 f4 47. Rxg5 Rxb2 48. Ra5 Ra2 49. Rf5 Kxc7 1/2-1/2

[Event "CZE-ch Open 2018"]
[Site "Ostrava"]
[Date "2018.05.05"]
[Round "8"]
[White "Rubes, Jan"]
[Black "Toman, Jaroslav"]
[Result "1/2-1/2"]
[ECO "E17"]
[WhiteElo "2337"]
[BlackElo "2233"]
[Annotator "ChessBase"]
[PlyCount "131"]
[EventDate "2018.??.??"]
[EventCountry "CZE"]
[SourceTitle "playchess.com"]
[Source "ChessBase"]
[SourceQuality "1"]
[TimeControl "40/5400+30:900+30"]

1. d4 e6 2. c4 Nf6 3. Nf3 b6 4. g3 Bb7 5. Bg2 Be7 6. O-O O-O 7. d5 Ne4 8. Nfd2 Nxd2 9. Bxd2 Qc8 10. Nc3 d6 11. e4 Bf6 12. Rc1 a5 13. b3 Nd7 14. f4 Qd8 15. Qg4 Bd4+ 16. Kh1 f5 17. Qh3 Nc5 18. exf5 Bxc3 19. Bxc3 exf5 20. Rce1 Qd7 21. Qh5 Rae8 22. Kg1 Bc8 23. Qd1 Qf7 24. Qd4 Qg6 25. Bf3 Rf6 26. Qd1 Rff8 27. Bh5 Rxe1 28. Rxe1 Qh6 29. Re7 Ne4 30. Bxg7 Qxg7 31. Rxg7+ Kxg7 32. Qd4+ Nf6 33. Kf2 Bd7 34. h3 Kh6 35. Bf3 Kg6 36. a3 h5 37. Qb2 Re8 38. Qc2 Kg7 39. b4 axb4 40. axb4 Kf7 41. Qa2 Rc8 42. Qa7 Ke7 43. Kg2 Kf7 44. Bd1 Kf8 45. Ba4 Bxa4 46. Qxa4 Re8 47. Qc6 Re7 48. Qa8+ Kg7 49. Qc8 Kg6 50. Kf3 Rd7 51. Ke2 Re7+ 52. Kd3 Rd7 53. Kc2 Re7 54. Kb3 Re3+ 55. Ka4 Re7 56. Kb5 Rd7 57. Kc6 Re7 58. Qd8 Kf7 59. h4 Ne8 60. Qc8 Kf6 61. Qa8 Kf7 62. Qa1 Nf6 63. Qb1 Ne4 64. Qd3 Kg6 65. Qe3 Kf7 66. Qd3 1/2-1/2

[Event "CZE-ch Open 2018"]
[Site "Ostrava"]
[Date "2018.05.05"]
[Round "8"]
[White "Obsivac, Josef"]
[Black "Havelka, Ondrej"]
[Result "0-1"]
[ECO "D59"]
[WhiteElo "2330"]
[BlackElo "2041"]
[Annotator "NA"]
[PlyCount "122"]
[EventDate "2018.??.??"]
[EventCountry "CZE"]
[SourceTitle "playchess.com"]
[Source "ChessBase"]
[SourceQuality "1"]
[TimeControl "40/5400+30:900+30"]

1. d4 d5 2. c4 e6 3. Nc3 Be7 4. Nf3 Nf6 5. Bg5 O-O 6. e3 h6 7. Bh4 b6 8. cxd5 Nxd5 9. Bxe7 Qxe7 10. Nxd5 exd5 11. Be2 Be6 12. O-O Nd7 {[%emt 0:02:25] D59: Queen's Gambit Declined: Tartakower Defence: Main line (8 cxd5 Nxd5)} 13. Bb5 c5 14. Bxd7 Qxd7 15. Ne5 Qd6 16. Qd3 $146 ({Predecessor:} 16. Qd2 c4 17. a3 b5 18. f4 Bf5 19. g4 Be4 {0-1 (66) Neven,K (2237)-Lee,V (2245) Edmonton 2006}) 16... Rfe8 17. Rac1 c4 18. Qc2 f6 19. Ng6 Qd7 20. Nf4 Bf5 21. Qd2 g5 22. Ne2 b5 23. Rfe1 a5 24. a3 Qd6 25. f3 Bd3 26. Rc3 Bg6 27. Rcc1 b4 28. axb4 axb4 29. Ra1 Qb6 30. g4 c3 31. bxc3 b3 32. Qb2 Rxa1 33. Rxa1 Rxe3 34. Ra8+ Kf7 35. Kf2 Re7 36. Ng3 Bc2 37. Nf5 Bxf5 38. gxf5 Qc7 39. Kg2 Qc4 40. Kf2 Qc7 41. Kg2 Qc4 42. Kf2 Qd3 43. Ra1 Qe3+ 44. Kg2 Qe2+ 45. Qxe2 Rxe2+ 46. Kg3 b2 47. Rb1 h5 48. h4 Rc2 49. Kh3 Ke7 50. Kg3 gxh4+ 51. Kxh4 Kd7 52. Kxh5 Rg2 53. Kh6 Kc7 54. f4 Kb7 55. Kh5 Ka6 56. Re1 Ka5 57. Re8 Ka4 58. Rb8 Ka3 59. Kh6 Ka2 60. c4 dxc4 61. d5 b1=Q 0-1

[Event "CZE-ch Open 2018"]
[Site "Ostrava"]
[Date "2018.05.05"]
[Round "8"]
[White "Mrazek, Lumir"]
[Black "Mladek, Richard"]
[Result "0-1"]
[ECO "A03"]
[WhiteElo "2327"]
[BlackElo "2136"]
[Annotator "NA"]
[PlyCount "60"]
[EventDate "2018.??.??"]
[EventCountry "CZE"]
[SourceTitle "playchess.com"]
[Source "ChessBase"]
[SourceQuality "1"]
[TimeControl "40/5400+30:900+30"]

1. f4 d5 2. Nf3 g6 3. e3 Bg7 4. c4 Nf6 5. Nc3 O-O 6. Be2 c5 7. cxd5 Nxd5 8. O-O Nxc3 9. bxc3 Nc6 10. Rb1 b6 11. Qa4 Bd7 12. Qc2 e5 13. Nxe5 Nxe5 14. fxe5 Bxe5 15. d4 Bg7 16. dxc5 bxc5 17. Bc4 Qh4 18. Bd5 Rad8 19. Ba3 Ba4 20. Qd2 Qg5 21. c4 Bd4 22. Rf4 Qxf4 23. Qxd4 cxd4 24. exf4 Rfe8 25. Rb7 Rd7 26. Rb4 d3 27. Rxa4 d2 28. Bf3 Rd3 29. Bb4 Re1+ 30. Kf2 Rxf3+ 0-1